Map: Magannatha LE

Players

ManlyManMeat

  • Race: Zerg Zerg
  • League: Platinum
  • Spawn Location: 5:00

VOD

Have the link to the VOD?

Description

Time

  • Played on: June 20, 2025, 10:20 a.m.
  • Length: 4:14
Show
View Real Time Build Order
Export as new Build Order

ManlyManMeat Zerg 

Build Orders:  

Get SALT Encoding   

  12  0:00  Drone  
  13  0:14  Drone  
  14  0:20  Extractor  
  14  0:21  Drone  
  15  0:30  Overlord  
  15  0:57  Drone  
  16  1:05  Hatchery  
  15  1:10  Drone  
  15  1:15  Drone  
  17  1:20  Drone  
  18  1:36  Extractor  
  17  1:42  Spawning Pool  
  17  1:46  Drone  
  17  1:51  Drone  
  18  2:00  Drone  
  19  2:15  Drone  
  20  2:49  Queen x2  
  24  2:54  Zergling x4  
  24  2:56  Overlord  
  26  3:08  Drone x2  
  28  3:27  Drone x2  
  30  3:42  Zergling x4  
  32  3:52  Hatchery  
  32  3:56  Drone  
  32  3:57  Drone  
  33  4:09  Baneling Nest  
Tags
 
League
Platinum
Matchup
Co-op
Replay Pack
Myownreplay2
Add a new tag
Caveats
  • Supply blocks, unpowered buildings, or Contaminate may cause inaccurate times.
  • Supply counts are checked every 10 seconds.